 Dungeon Crawl Stone Soup version 0.22-b1-26-g9dbaab1112 (webtiles) character file.

1258 Pisosu the Cudgeler (level 8, -1/70 HPs)
             Began as a Minotaur Fighter on Aug 8, 2018.
             Succumbed to a scorpion's poison
             ... in an ossuary.
             The game lasted 00:07:51 (3664 turns).

Pisosu the Cudgeler (Minotaur Fighter)              Turns: 3664, Time: 00:07:52

Health: -1/70      AC:  7    Str: 24    XL:     8   Next: 27%
Magic:  2/7        EV:  8    Int:  5    God:
Gold:   98         SH: 10    Dex:  9    Spells: 7/7 levels left

rFire    . . .     SeeInvis .   a - +0 flail
rCold    . . .     Gourm    .   c - +0 shield
rNeg     . . .     Faith    .   b - +0 scale mail
rPois    .         Spirit   +   (helmet restricted)
rElec    .         Reflect  .   (no cloak)
rCorr    .         Harm     .   (no gloves)
MR       .....                  (no boots)
Stlth    ..........             u - amulet of guardian spirit
HPRegen  0.21/turn              (no ring)
MPRegen  0.10/turn              (no ring)

@: lethally poisoned (-1 -> -30)
A: retaliatory headbutt, horns 2
a: no special abilities


You were in an ossuary.
You were not hungry.

You visited 1 branch of the dungeon, and saw 5 of its levels.
You also visited: Ossuary.

You collected 188 gold pieces.
You spent 90 gold pieces at shops.

Inventory:

Hand Weapons
 a - a +0 flail (weapon)
Armour
 b - a +0 scale mail (worn)
 c - a +0 shield (worn)
Jewellery
 u - an amulet of guardian spirit (around neck)
Scrolls
 i - 2 scrolls of enchant weapon
 m - a scroll of enchant armour {unknown}
 n - a scroll of blinking {unknown}
 o - a scroll of noise {unknown}
 p - 2 scrolls of amnesia
 q - a scroll of random uselessness {unknown}
 r - 2 scrolls of teleportation {unknown}
 s - 3 scrolls of identify {unknown}
 w - a scroll of remove curse
 x - a scroll of magic mapping {unknown}
Potions
 d - a potion of might
 e - a potion of ambrosia {unknown}
 g - 4 potions of curing {unknown}
 h - a potion of mutation {unknown}
 j - 3 potions of haste {unknown}
 k - 2 potions of cancellation {unknown}
 l - a potion of lignification {unknown}
 t - a potion of heal wounds {unknown}
 v - a potion of berserk rage {unknown}
 z - a potion of flight {unknown}
Comestibles
 f - 2 rations


   Skills:
 + Level 5.8 Fighting
 + Level 7.9 Maces & Flails
 + Level 6.7 Armour
 + Level 6.8 Shields


You had 7 spell levels left.
You didn't know any spells.
Your spell library was empty.

Dungeon Overview and Level Annotations

Branches:
Dungeon (5/15)
 Temple: D:4-7

Altars:
Gozag
Hepliaklqana
Kikubaaqudgha
Nemelex Xobeh
Okawaru
Uskayaw
Wu Jian
Yredelemnul
The Shining One

Shops:
D:5 [*


Innate Abilities, Weirdness & Mutations

You reflexively headbutt those who attack you in melee.
You have a pair of horns on your head.


Message History

The scorpion is moderately wounded.
* * * LOW HITPOINT WARNING * * *
You feel very sick. You block the scorpion's attack.
The scorpion stings you but does no damage.
You hit the scorpion.
The scorpion is heavily wounded.
* * * LOW HITPOINT WARNING * * *
You feel very sick.
The scorpion stings you but does no damage.
The scorpion closely misses you.
You completely miss the scorpion.
The scorpion is heavily wounded.
* * * LOW HITPOINT WARNING * * *
You feel very sick. You block the scorpion's attack.
The scorpion closely misses you. You furiously retaliate!
You headbutt the scorpion. You hit the scorpion. You headbutt the scorpion.
The scorpion is almost dead.
You die...

......##'#######'##
......#...#...#...#
...8###...#...8...#
†.....#...#.......#
......##'###8...8##
8.....#...#.......#
#.....#...'...8...#
#.....#..^#...#..s#
####'###########@##
!M#^^.#...#...#^s.#
.?#.^.'...8...#.^.#
??#.^.#.......#...#
########8...8##...#
..#...#.......#...#
..8...#...8...#.^^#
......#...#...#.^^#
8...8###'#######'##


You could see 2 scorpions.

Vanquished Creatures
  Eustachio (D:4)
  An ice beast (D:5)
  A phantom (D:5)
  A centaur (D:5)
  6 scorpions
  A centaur zombie (Ossuary)
  5 hounds (D:4)
  3 human zombies (Ossuary)
  An iguana (D:4)
  4 big kobold zombies (Ossuary)
  2 mummies (Ossuary)
  3 gnolls
  5 scorpion zombies (Ossuary)
  5 adders
  An adder skeleton (D:5)
  2 dart slugs
  3 leopard geckos
  An orc (D:3)
  8 bats
  4 giant cockroaches
  3 gnoll zombies
  10 goblins
  3 hobgoblins
  4 jackals (D:1)
  3 quokkas
  A ball python (D:1)
  3 frilled lizards
  A goblin zombie (Ossuary)
  A hobgoblin zombie (Ossuary)
  8 kobolds
  2 kobold zombies (Ossuary)
  An orc zombie (Ossuary)
  15 rats
113 creatures vanquished.

Notes
Turn   | Place    | Note
-------+----------+-------------------------------------------
     0 | D:1      | Pisosu the Minotaur Fighter began the quest for the Orb.
     0 | D:1      | Reached XP level 1. HP: 19/19 MP: 0/0
   152 | D:1      | Reached XP level 2. HP: 26/27 MP: 1/1
   624 | D:2      | Reached skill level 3 in Maces & Flails
   624 | D:2      | Reached XP level 3. HP: 33/33 MP: 2/2
   877 | D:2      | Reached XP level 4. HP: 35/40 MP: 3/3
  1162 | D:2      | Found an ornate altar of the Wu Jian Council.
  1308 | D:3      | Found a glowing golden altar of the Shining One.
  1423 | D:3      | Found a basalt altar of Yredelemnul.
  1662 | D:3      | Reached skill level 4 in Maces & Flails
  1698 | D:3      | Found an iron altar of Okawaru.
  1957 | D:4      | Noticed Eustachio
  1968 | D:4      | Killed Eustachio
  1968 | D:4      | Reached skill level 5 in Maces & Flails
  1968 | D:4      | Reached skill level 5 in Armour
  1968 | D:4      | Reached skill level 5 in Shields
  1968 | D:4      | Reached XP level 5. HP: 33/47 MP: 4/4
  1968 | D:4      | Reached XP level 6. HP: 38/53 MP: 5/5
  2376 | D:4      | Found an opulent altar of Gozag.
  2524 | D:4      | Found an ancient bone altar of Kikubaaqudgha.
  2524 | D:4      | Found a sparkling altar of Nemelex Xobeh.
  2525 | D:4      | Found a hazy altar of Hepliaklqana.
  2572 | D:4      | Found a hide-covered altar of Uskayaw.
  2846 | D:5      | Entered Level 5 of the Dungeon
  2857 | D:5      | Found Donkoleg's General Store.
  2891 | D:5      | Reached skill level 5 in Fighting
  2891 | D:5      | Reached XP level 7. HP: 56/61 MP: 6/6
  2901 | D:5      | Bought a scroll of enchant weapon for 90 gold pieces
  2907 | D:5      | Found Kaniwnol's Armour Boutique.
  2943 | D:5      | Reached skill level 6 in Maces & Flails
  3205 | D:5      | Found a sand-covered staircase.
  3217 | Ossuary  | Entered an ossuary
  3270 | Ossuary  | Reached skill level 7 in Maces & Flails
  3498 | Ossuary  | Reached XP level 8. HP: 60/69 MP: 5/7
  3663 | Ossuary  | HP: 1/70 [poisoned by a scorpion]
  3664 | Ossuary  | Succumbed to a scorpion's poison

Skill      XL: |  1  2  3  4  5  6  7 |
---------------+----------------------+-----
Shields        | 4 5 6 |  6.8
Armour         | 4 5 6 |  6.7
Fighting       | 4 5 |  5.8
Maces & Flails | 3 5 7 |  7.9

Action                   |  1- 3 |  4- 6 |  7- 9 || total
-------------------------+-------+-------+-------++-------
Melee: Flail             |    67 |   165 |   158 ||   390
       Headbutt          |    10 |    18 |    41 ||    69
  Use: Scroll            |       |     3 |       ||     3
  Eat: Chunk             |       |     6 |       ||     6
       Ration            |       |       |     1 ||     1
Armor: Scale mail        |    35 |    65 |    60 ||   160
Dodge: Dodged            |    30 |    59 |    43 ||   132
Block: Shield            |    45 |    92 |    85 ||   222
